 Dungeon Crawl Stone Soup version 0.28-a0-60-g54b5640690 (webtiles) character file.

Game seed: 2719448410448725218

1606 Spaninq the Basher (level 8, -5/81 HPs)
             Began as a Troll Warper on July 30, 2021.
             Was a Priest of Trog.
             Slain by a killer bee (7 damage)
             ... on level 6 of the Dungeon.
             The game lasted 00:13:52 (4575 turns).

Spaninq the Basher (Troll Warper)                   Turns: 4575, Time: 00:13:54

Health: -5/81      AC:  4    Str: 22    XL:     8   Next: 63%
Magic:  8/8        EV:  9    Int: 11    God:    Trog [***...]
Gold:   269        SH:  0    Dex:  9    Spells: 9/9 levels left

rFire   . . .      SeeInvis +   i - +1 whip (venom)
rCold   + . .      Faith    .   (no shield)
rNeg    . . .      Spirit   .   b - +0 robe
rPois   .          Reflect  .   (helmet restricted)
rElec   .          Harm     .   (no cloak)
rCorr   +          Rampage  .   (gloves unavailable)
Will    .....                   (boots unavailable)
Stlth   +.........              (no amulet)
HPRegen 1.23/turn               t - ring of protection from cold
MPRegen 0.11/turn               u - ring of resist corrosion

@: brilliant, lethally poisoned (-5 -> -8)
A: large, unfitting armour, claws 3, regeneration 1, shaggy fur 1, tough skin 1,
see invisible, clever 1
a: Renounce Religion, Berserk, Trog's Hand


You were on level 6 of the Dungeon.
You worshipped Trog.
Trog was most pleased with you.
You visited 1 branch of the dungeon, and saw 6 of its levels.

You collected 269 gold pieces.

Inventory:

Hand Weapons
 i - a +1 whip of venom (weapon)
Missiles
 d - 5 boomerangs of dispersal (quivered)
 p - a throwing net
Armour
 b - a +0 robe (worn)
Jewellery
 t - a ring of protection from cold (left claw)
 u - a ring of resist corrosion (right claw)
Wands
 g - a wand of iceblast (7)
Scrolls
 c - a scroll of blinking
 e - 2 scrolls of identify
 j - a scroll of enchant weapon
 q - a scroll of teleportation
Potions
 f - 2 potions of flight
 k - a potion of mutation


   Skills:
 + Level 5.4 Fighting
 * Level 8.4 Maces & Flails
 - Level 0.8 Throwing
 - Level 1.9 Dodging
 - Level 1.2 Spellcasting
 - Level 2.1 Translocations


You had 9 spell levels left.
You didn't know any spells.
Your spell library contained the following spells:

 Spells                   Type           Power      Damage    Failure   Level
 Blink                    Tloc           N/A        N/A       19%         2
 Summon Small Mammal      Summ           4%         N/A       32%         1
 Gell's Gravitas          Tloc           4%         N/A       36%         3
 Lesser Beckoning         Tloc           4%         N/A       36%         3
 Teleport Other           Tloc           8%         N/A       36%         3
 Slow                     Hex            1%         N/A       43%         2
 Call Canine Familiar     Summ           1%         N/A       67%         3
 Confusing Touch          Hex            1%         N/A       67%         3
 Summon Guardian Golem    Hex/Summ       1%         N/A       67%         3
 Manifold Assault         Tloc           8%         N/A       98%         5
 Yara's Violent Unravell  Hex/Tmut       0%         3d3       100%        5


Dungeon Overview and Level Annotations

Branches:
Dungeon (6/15)             Temple (0/1) D:5

Altars:
Trog

Annotations:
D:3 3 runed translucent doors, Chroloform's ghost, amateur MiFi; Spaninq's ghost, amateur DsTm
D:6 1 transporter


Innate Abilities, Weirdness & Mutations

You are too large for most types of armour.
You have claws for hands.
Your natural rate of healing is unusually fast.
You are covered in fur. (AC +1)
You have tough skin. (AC +1)
You have supernaturally acute eyesight. (SInv)
Your mind is acute. (Int +2)


Message History

The killer bee is almost dead.
The adder hisses angrily.
The killer bee closely misses you.
It was a potion of brilliance.
You feel clever all of a sudden.
You kill the killer bee!
Trog accepts your kill. The killer bee stings you!
* * * LOW HITPOINT WARNING * * *
The killer bee stings you.
* * * LOW HITPOINT WARNING * * *
Really quaff the potion of mutation?
You feel extremely strange.
Your vision sharpens.
You feel clever. The killer bee stings you.
* * * LOW HITPOINT WARNING * * *
You are poisoned.
The killer bee poisons you! The killer bee closely misses you.
Okay, then.
Blink to where?
Press: ? - help, Dir - move target
As you read the scroll of blinking, it crumbles to dust.
You feel sick.
Your skin stops crawling.
You feel less strong-willed.
You feel sick.
The killer bee buzzes angrily.
You feel sick.
You feel sick. The killer bee barely misses you. The killer bee stings you.
* * * LOW HITPOINT WARNING * * *
You see here a sky beast corpse.
You feel sick. The killer bee closely misses you. x2
You feel sick. The killer bee stings you!
* * * LOW HITPOINT WARNING * * *
You barely miss the killer bee.
You feel sick.
You are no longer poisoned.
The killer bee stings you!
* * * LOW HITPOINT WARNING * * *
You are lethally poisoned!
The killer bee poisons you! The killer bee stings you!
You die...

,,,**
*..#.........#...#....,,,,,
,,**
*#.#.............##,,.,,,,, .,*
#................#,..,,,,*
..####
#...............##...,,***
.....####...........y.......,,*
**##.....<)....#.##.....#..,,,*
*##..##...###.##.###S.###*.#***
,#...#...## #....##..## **#
##......)# #...@#†...##
...#.....# ##..#yy....##
...###...#####..#y......##
#...#.....##.............#
.......##.....##.....##..#
......###.....###....#####
......[..##.........##
.....................#
............#.......##


You could see 3 killer bees.

Vanquished Creatures
  Grinder (D:5)
  Sigmund (D:3)
  2 sky beasts (D:6)
  A necrophage (D:4)
  An ogre (D:5)
  A bullfrog (D:5)
  A water moccasin skeleton (D:4)
  3 killer bees (D:6)
  2 hounds
  A jelly (D:6)
  A bullfrog skeleton (D:6)
  2 gnoll shamans (D:5)
  An orc priest (D:3)
  A scorpion zombie (D:5)
  An orc wizard (D:6)
  Robin (D:2)
  A howler monkey zombie (D:5)
  18 gnolls
  5 adders
  An ufetubus (D:5)
  An adder zombie (D:5)
  An adder skeleton (D:4)
  2 worms (D:5)
  The ghost of Nausicaa the Sneak, a weakling TrDe (D:5)
  10 orcs
  5 endoplasms
  11 giant cockroaches
  16 goblins
  11 hobgoblins
  10 jackals
  3 quokkas
  2 ball pythons (D:2)
  7 bats
  2 frilled lizards (D:1)
  4 kobolds
  5 rats
137 creatures vanquished.

Notes
Turn   | Place    | Note
-------+----------+-------------------------------------------
     0 | D:1      | Spaninq the Troll Warper began the quest for the Orb.
     0 | D:1      | Reached XP level 1. HP: 19/19 MP: 1/1
   267 | D:1      | Reached skill level 2 in Maces & Flails
   425 | D:1      | Reached XP level 2. HP: 28/28 MP: 2/2
   730 | D:1      | Reached XP level 3. HP: 35/35 MP: 3/3
   774 | D:1      | Learned a level 2 spell: Blink
   911 | D:2      | Noticed Robin
   960 | D:2      | Reached skill level 3 in Maces & Flails
  1321 | D:2      | Killed Robin
  1322 | D:2      | Reached XP level 4. HP: 33/44 MP: 4/4
  1560 | D:2      | Found a faded altar of an unknown god.
  1568 | D:2      | Became a worshipper of Trog the Wrathful
  1568 | D:2      | Reached * piety under Trog
  1781 | D:3      | Noticed Sigmund
  2167 | D:3      | Reached skill level 4 in Maces & Flails
  2167 | D:3      | Reached XP level 5. HP: 20/50 MP: 5/5
  2290 | D:3      | Found a runed translucent gate.
  2290 | D:3      | Found a runed translucent gate.
  2290 | D:3      | Noticed Chroloform's ghost (amateur MiFi)
  2291 | D:3      | Found a runed translucent gate.
  2291 | D:3      | Noticed Spaninq's ghost (amateur DsTm)
  2354 | D:3      | Killed Sigmund
  2355 | D:3      | Reached skill level 5 in Maces & Flails
  2355 | D:3      | Reached XP level 6. HP: 61/61 MP: 6/6
  2791 | D:4      | Reached ** piety under Trog
  2858 | D:4      | Reached XP level 7. HP: 68/68 MP: 7/7
  2941 | D:4      | Reached skill level 6 in Maces & Flails
  3285 | D:5      | Entered Level 5 of the Dungeon
  3318 | D:5      | Found a staircase to the Ecumenical Temple.
  3332 | D:5      | Noticed Grinder
  3340 | D:5      | Paralysed by something for 6 turns
  3382 | D:5      | Killed Grinder
  3805 | D:5      | Reached skill level 7 in Maces & Flails
  3816 | D:5      | Found a runed translucent door.
  3820 | D:5      | Noticed Nausicaa's ghost (weakling TrDe)
  3837 | D:5      | Found a runed translucent door.
  4022 | D:5      | Reached XP level 8. HP: 76/79 MP: 8/8
  4038 | D:5      | Killed Nausicaa's ghost
  4065 | D:5      | Reached *** piety under Trog
  4407 | D:6      | Found a transporter.
  4461 | D:6      | Reached skill level 5 in Fighting
  4508 | D:6      | Reached skill level 8 in Maces & Flails
  4568 | D:6      | Gained mutation: You have supernaturally acute eyesight.
                  | (SInv) [potion of mutation]
  4568 | D:6      | Gained mutation: Your mind is acute. (Int +2) [potion of
                  | mutation]
  4575 | D:6      | HP: 2/81 [killer bee (7)]
  4575 | D:6      | Slain by a killer bee

Illustrated notes

Levels and vault maps discovered:
D:1:      dpeg_arrival_circle_labyrinth_c, layout_basic
D:2:      layout_basic, ebering_ecumenical_altar_abandoned, uniq_robin
D:3:      layout_basic, gammafunk_ghost_cemetery, uniq_sigmund
D:4:      layout_loops_ring, roderic_lattice_a
D:5:      layout_basic, minmay_temple_entry_metal_lava, ebering_ghost_sewer_f,
          uniq_grinder
D:6:      minmay_angry_zag, layout_cave_pools, gammafunk_ghost_smash,
          minmay_checkerbox, uniq_prince_ribbit1

Skill      XL: |  1  2  3  4  5  6  7  8 |
---------------+-------------------------+-----
Maces & Flails | 2 3 4 5 7 8 |  8.4
Fighting       | 2 3 4 5 |  5.4
Throwing       | |  0.8
Dodging        | |  1.9
Spellcasting   | |  1.2
Translocations | |  2.1

Action                   |  1- 3 |  4- 6 |  7- 9 || total
-------------------------+-------+-------+-------++-------
Melee: Mace              |   153 |       |       ||   153
       Whip              |       |   114 |   144 ||   258
       Flail             |       |    69 |   134 ||   203
Invok: Berserk           |       |     1 |     1 ||     2
       Trog's Hand       |       |       |     2 ||     2
  Use: Scroll            |       |       |    13 ||    13
       Potion            |       |       |     7 ||     7
Armor: Robe              |    82 |    54 |    59 ||   195
Dodge: Dodged            |   108 |    97 |   139 ||   344

Table legend: (Time is in decaauts)
 A = Elapsed time spent in this place.
 B = Non-inter-level travel time spent in this place.
 C = Inter-level travel time spent in this place.
 D = Time resting spent in this place.
 E = Time spent auto-exploring this place.
 F = Levels seen in this place.
 G = Mean time per level.
                   A        B        C        D        E       F      G
               +--------+--------+--------+--------+--------+-----+--------+
         Total |   4598 |   4374 |    224 |    260 |   2563 |   6 |  766.3 |
       Dungeon |   4598 |   4374 |    224 |    260 |   2563 |   6 |  766.3 |
               +--------+--------+--------+--------+--------+-----+--------+

Top non-repeatable levels by time:
     D:1: 1226 daAuts
     D:5: 1001 daAuts
     D:4: 751 daAuts
     D:2: 687 daAuts
     D:3: 681 daAuts
     D:6: 250 daAuts
